Selects Australian Defense Battlegroup
Selects Australian Light Infantry Section
Australian Light Infantry Section
Australian Light Infantry Section
Construct Section Command Post
Construct Field Infirmary
Construct Platoon Command Post
Australian Light Infantry Section
Selects CMP 15cwt Supply Run
Selects Artillery Trip Wire Flares
Construct Company Command Post
Selects Defensive Tactics
Unlock M3 Stuart Light Tanks
Unlock M3 Grant Medium Tanks
6-pounder Anti-tank Gun Team
Unlock Bishop Self-propelled Artillery
Selects Archer Tank Destroyer